 Dungeon Crawl Stone Soup version 0.30.1-11-g7821555f0a (webtiles) character file.

Game seed: 830281819728397904

16 safid the Conjurer (level 2, 0/18 HPs)
             Began as a Gargoyle Reaver on Dec 7, 2023.
             Slain by a gnoll
             ... wielding a +0 flail
              (5 damage)
             ... on level 2 of the Dungeon.
             The game lasted 00:00:49 (676 turns).

safid the Conjurer (Gargoyle Reaver)                 Turns: 676, Time: 00:00:49

Health: 0/18       AC:  5    Str: 15    XL:     2   Next: 58%
Magic:  5/5        EV: 11    Int: 13    God:
Gold:   64         SH:  0    Dex:  8    Spells: 4/5 levels left

rFire   . . .        a - +0 mace
rCold   . . .        (no shield)
rNeg    + . .        b - +0 leather armour
rPois   ∞            (no helmet)
rElec   +            (no cloak)
rCorr   .            (no gloves)
SInv    .            (no boots)
Will    .....        (no amulet)
Stlth   +            (no ring)
HPRegen 0.23/turn    (no ring)
MPRegen 0.09/turn

%: no passive effects
@: no status effects
A: sickness immunity, AC +2, negative energy resistance 1, electricity
resistance, torment resistance 1, petrification resistance
a: no special abilities


You were on level 2 of the Dungeon.
You visited 1 branch of the dungeon, and saw 2 of its levels.

You collected 64 gold pieces.

Inventory:

Hand Weapons
 a - a +0 mace (weapon)
Armour
 b - a +0 leather armour (worn)
Jewellery
 c - a ring of fire
 h - an amulet of regeneration
 l - a ring of fire
Scrolls
 d - a scroll of fear {unknown}
 g - a scroll of immolation {unknown}
 j - 3 scrolls of identify {unknown}
Potions
 e - a potion of ambrosia {unknown}
 f - a potion of curing {unknown}
 i - a potion of magic {unknown}
 k - a potion of heal wounds {unknown}


   Skills:
 + Level 2.5 Fighting
 + Level 3.2 Maces & Flails
 - Level 1.5 Dodging
 + Level 2.2 Spellcasting
 + Level 3.5 Conjurations


You had 4 spell levels left.
You knew the following spells:

 Your Spells              Type           Power      Damage    Failure   Level
a - Kiss of Death         Conj/Necr      24%        2d7       14%         1

Your spell library contained the following spells:

 Spells                   Type           Power      Damage    Failure   Level
 Momentum Strike          Conj/Tloc      12%        3d8       22%         2
 Hailstorm                Conj/Ice       6%         3d4       41%         3
 Ozocubu's Armour         Ice            1%         N/A       67%         3
 Ozocubu's Refrigeration  Ice            0%         4d7       100%        7


Dungeon Overview and Level Annotations

Branches:
Dungeon (2/15)

Altars:


Innate Abilities, Weirdness & Mutations

You are immune to sickness and miasma.
Your stone body is resilient. (AC +2)
You are immune to poison.
You resist negative energy. (rN+)
You are resistant to electric shocks. (rElec)
You are resistant to unholy torment.
You are immune to petrification.


Message History

There is an open door here.
You open the door.
Found 7 stones.
There is an open door here.
You now have 64 gold pieces (gained 3).
Found a rapier.
l - a ring of fire You see here a +0 rapier.
You open the door.
A ball python comes into view.
The ball python hisses angrily.
A ball python is nearby!
The ball python closely misses you. The ball python grabs you.
The ball python constricts you.
There is an open door here.
You hit the ball python.
You kill the ball python!
No target in view!
You open the door.
There is an open door here.
You open the door.
A gnoll comes into view. It is wielding a +0 flail.
Found 3 poisoned darts.
A gnoll is nearby!
There is an open door here.
You barely miss the gnoll. The gnoll hits you with a +0 flail.
The gnoll barely misses you.
You closely miss the gnoll. The gnoll barely misses you.
You hit the gnoll but do no damage. The gnoll hits you with a +0 flail!
You are too injured to fight recklessly!
You are too injured to fight recklessly!
You hit the gnoll.
The gnoll is moderately wounded.
The gnoll hits you with a +0 flail.
You hit the gnoll.
The gnoll is severely wounded.
The gnoll hits you with a +0 flail.
* * * LOW HITPOINT WARNING * * *
The gnoll hits you with a +0 flail.
You die...

#.#.###.....## .....# #..##.#####
....####.....###.....##.†........
#...#.###.....###.....#.###.#.###
###.#..###.....###....#.###.#.###
#.'...###.....# #..†'.##.......
#.#....####'######..#.##.......
#.#.....#.....#.###.#.##.......
#.##....#.....#..####.##.......
..###...'.....@...# #.##.†.....
..# ##..#..)†.#g...##..........
#..# ##.#.....#.....#.#........
...# #####'####....#........##
#..+ #.....###...+.####...#
##.....###.(#.# #####
##.)...###.#.# ##....(####.##
##.....###..#


You could see a gnoll.

Vanquished Creatures
  A dart slug (D:1)
  6 bats
  2 endoplasms
  A hobgoblin (D:2)
  3 ball pythons
  A frilled lizard (D:1)
  2 rats
16 creatures vanquished.

Notes
Turn   | Place    | Note
-------+----------+-------------------------------------------
     0 | D:1      | safid the Gargoyle Reaver began the quest for the Orb.
     0 | D:1      | Reached XP level 1. HP: 12/12 MP: 3/3
   244 | D:1      | Reached XP level 2. HP: 18/18 MP: 5/5
   294 | D:1      | Found a faded altar of an unknown god.
   676 | D:2      | Slain by a gnoll

Illustrated notes

Levels and vault maps discovered:
D:1:      erik_arrival_orb_chamber, layout_basic,
          hellmonk_ecumenical_altar_pennies_from_heaven
D:2:      layout_loops_ring, minmay_quadrilaterals, uniq_jessica, uniq_natasha

Action                     || total
---------------------------++-------
  Melee: Mace              ||    41
 Armour: Leather armour    ||    16
  Dodge: Dodged            ||    26
